 Dungeon Crawl Stone Soup version 0.31-a0-175-g9f7f995f2b (webtiles) character file.

Game seed: 2148086553007052671

797 qw the Chopper (level 7, -2/44 HPs)
             Began as a Gargoyle Fighter on June 16, 2023.
             Slain by an ogre
             ... wielding a +0 giant club
              (16 damage)
             ... on level 4 of the Dungeon.
             The game lasted 00:02:11 (4589 turns).

qw the Chopper (Gargoyle Fighter)                   Turns: 4589, Time: 00:02:12

Health: -2/44      AC: 16    Str: 21    XL:     7   Next: 89%
Magic:  7/7        EV:  8    Int:  9    God:
Gold:   83         SH:  4    Dex:  9    Spells: 6/6 levels left

rFire   . . .        Y - +0 war axe
rCold   . . .        c - +0 buckler
rNeg    + . .        i - +0 chain mail
rPois   inf          g - +0 helmet
rElec   +            (no cloak)
rCorr   .            b - +0 pair of gloves
SInv    .            (no boots)
Will    .....        (no amulet) Stlth
                     (no ring)
HPRegen 0.27/turn    (no ring)
MPRegen 0.10/turn

%: no passive effects
@: no status effects
A: sickness immunity, AC +4, negative energy resistance 1, electricity
resistance, torment resistance 1, petrification resistance
a: no special abilities


You were on level 4 of the Dungeon.
You visited 1 branch of the dungeon, and saw 4 of its levels.
You also visited: Sewer.

You collected 83 gold pieces.


Innate Abilities, Weirdness & Mutations

You are immune to sickness and miasma.
Your stone body is resilient. (AC +4)
You are immune to poison.
You resist negative energy. (rN+)
You are resistant to electric shocks. (rElec)
You are resistant to unholy torment.
You are immune to petrification.


   Skills:
 + Level 4.7 Fighting
 - Level 7.0 Axes
 - Level 1.1 Throwing
 - Level 3.2 Armour
 - Level 1.6 Dodging
 - Level 3.2 Shields


You had 6 spell levels left.
You didn't know any spells.
Your spell library was empty.

Inventory:

Hand Weapons
 e - a +0 flail
 Y - a +0 war axe (weapon)
Missiles
 k - 2 javelins (quivered)
Armour
 b - a +0 pair of gloves (worn)
 c - a +0 buckler (worn)
 g - a +0 helmet (worn)
 i - a +0 chain mail (worn)
Scrolls
 a - a scroll of identify
Potions
 d - 3 potions of might
 f - a potion of heal wounds
 h - 3 potions of curing
 j - a potion of cancellation
 m - a potion of resistance {unknown}

Dungeon Overview and Level Annotations

Branches:
Dungeon (4/15)              Sewer (visited)
 Temple: D:4-7

Altars:

Shops:
D:2 =   D:3 (

Annotations:
D:2 1 runed translucent door, Crazy Yiuf


Message History

Done exploring.
You swap places.
You enter the shallow water.
Moving in this stuff is going to be slow.
You swap places.
You enter the shallow water.
Moving in this stuff is going to be slow.
There is a gate leading back out of this place here.
Done exploring.
Welcome back to the Dungeon!
Your summoned ally is left behind.
There is a collapsed entrance here.
4546 ||| PLANNING D:1-11 You enter the shallow water.
Moving in this stuff is going to be slow.
k - 2 javelins
k - 3 javelins (gained 1)
k - 4 javelins (gained 1)
You see here a river rat skeleton.
An ogre comes into view. It is wielding a +0 giant club.
The ogre shouts!
The ogre moves out of view.
Enter note:
Enter note:
Enter note:
Enter note: You throw a javelin.
The javelin pierces through the ogre but does no damage.
You throw a javelin. The javelin pierces through the ogre!
The ogre is heavily wounded.
You barely miss the ogre.
The ogre is moderately wounded.
The ogre hits you with a +0 giant club!!
You hit the ogre but do no damage.
The ogre is moderately wounded.
The ogre hits you with a +0 giant club!
You barely miss the ogre.
The ogre is moderately wounded.
You hit the ogre.
The ogre is heavily wounded.
The ogre hits you with a +0 giant club!
You die...

.... #.###.## ......#.#
7.7 ......#<#77.77####
#.............# #
#..#.#77.77##.###### .#.
#..#.# 7.7 #....#...
....#..#.# #.###........
.......#.###............
(.....O@.....%..........
(...###..###............
. #....##.......(....
#....##......%.....
#....##......).....
#....###.....%.....
#....# ##..........
#....# ###...~~~..
#....# #..~~~~~.


You could see an ogre.

Vanquished Creatures
  7 kobold brigands (Sewer)
  Natasha (twice) (D:2)
  Jessica (D:3)
  Robin (D:2)
  3 river rats
  7 adders
  A worm (D:3)
  4 dart slugs
  8 orcs
  8 bats
  11 endoplasms
  5 giant cockroaches
  16 goblins
  7 hobgoblins
  7 kobolds
  4 quokkas
  15 ball pythons
  3 frilled lizards
  20 rats
130 creatures vanquished.

Notes
Turn   | Place    | Note
-------+----------+-------------------------------------------
     0 | D:1      | qw the Gargoyle Fighter began the quest for the Orb.
     0 | D:1      | Reached XP level 1. HP: 14/14 MP: 1/1
     0 | D:1      | 0 ||| qw: Version: 0.2-a-29-g511e9b1
     0 | D:1      | 0 ||| qw: Game counter: 5821
     0 | D:1      | 0 ||| qw: Always use a shield: true
     0 | D:1      | 0 ||| qw: God list: Okawaru
     0 | D:1      | 0 ||| qw: Allow faded altars: false
     0 | D:1      | 0 ||| qw: Do Orc after D:15 true
     0 | D:1      | 0 ||| qw: Do second Lair branch before Depths: true
     0 | D:1      | 0 ||| qw: Lair rune preference: random
     0 | D:1      | 0 ||| qw: Plans: Normal, Zot:1-4, Slime:5, God:TSO, Crypt,
                  | Tomb, Abyss, Pan, Hells, Win
     0 | D:1      | 0 ||| PLANNING D:1-11
    24 | D:1      | Reached skill level 2 in Axes
    74 | D:1      | Reached XP level 2. HP: 19/19 MP: 2/2
   164 | D:1      | 164 ||| Stepping ~*~*~tactically~*~*~ (hiding).
   376 | D:1      | Reached skill level 3 in Axes
   542 | D:1      | Reached XP level 3. HP: 21/23 MP: 3/3
  1154 | D:1      | 1154 ||| DROPPING ring of magical power.
  1155 | D:1      | 1155 ||| READING 2 scrolls labelled GABREU WOUSTRONT.
  1156 | D:1      | 1156 ||| READING scroll labelled UNYAPU OCAN.
  1157 | D:1      | 1157 ||| READING scroll labelled ZEASOJEUDU.
  1271 | D:2      | 1271 ||| DROPPING +0 club.
  1352 | D:2      | Noticed Robin
  1383 | D:2      | 1383 ||| DROPPING +2 mace of venom.
  1391 | D:2      | 1391 ||| Stepping ~*~*~tactically~*~*~ (hiding).
  1396 | D:2      | Killed Robin
  1522 | D:2      | Reached XP level 4. HP: 28/28 MP: 4/4
  1677 | D:2      | Found a runed translucent door.
  1678 | D:2      | Noticed Crazy Yiuf
  1787 | D:2      | 1787 ||| Stepping ~*~*~tactically~*~*~ (stealth).
  1788 | D:2      | 1788 ||| Stepping ~*~*~tactically~*~*~ (stealth).
  1796 | D:2      | Reached skill level 4 in Axes
  1810 | D:2      | Found Molyem's Jewellery Boutique.
  1835 | D:2      | 1835 ||| SHOPLISTING amulet of the acrobat (300 gold, have
                  | 39).
  1835 | D:2      | 1835 ||| SHOPLISTING ring of Cynub {rF++ Str+8 Int+6 Dex+3
                  | Slay-4} (668 gold, have 39).
  1835 | D:2      | 1835 ||| SHOPLISTING ring of positive energy (200 gold,
                  | have 39).
  1835 | D:2      | 1835 ||| SHOPLISTING ring of protection from fire (250
                  | gold, have 39).
  1835 | D:2      | 1835 ||| SHOPLISTING ring of resist corrosion (200 gold,
                  | have 39).
  1926 | D:2      | Found a faded altar of an unknown god.
  1991 | D:2      | Noticed Natasha
  2002 | D:2      | Killed Natasha
  2078 | D:2      | 2078 ||| Stepping ~*~*~tactically~*~*~ (stealth).
  2189 | D:2      | Reached XP level 5. HP: 30/32 MP: 5/5
  2287 | D:2      | Noticed Natasha
  2288 | D:2      | 2288 ||| Stepping ~*~*~tactically~*~*~ (hiding).
  2305 | D:2      | Killed Natasha
  2477 | D:2      | 2477 ||| UPGRADING to +0 helmet.
  2482 | D:2      | 2482 ||| READING scroll labelled UHOKHE SYPOY.
  2483 | D:2      | 2483 ||| DRINKING 2 silvery potions.
  2484 | D:2      | 2484 ||| READING 2 scrolls of identify.
  2484 | D:2      | 2484 ||| IDENTIFYING gluggy blue potion
  2737 | D:3      | Found Fuif Eba's Antique Weapon Shop.
  2972 | D:3      | Reached skill level 5 in Axes
  2976 | D:3      | 2976 ||| Stepping ~*~*~tactically~*~*~ (hiding).
  3251 | D:3      | Noticed Jessica
  3252 | D:3      | 3252 ||| Stepping ~*~*~tactically~*~*~ (hiding).
  3254 | D:3      | 3254 ||| Stepping ~*~*~tactically~*~*~ (hiding).
  3265 | D:3      | Killed Jessica
  3291 | D:3      | 3291 ||| Stepping ~*~*~tactically~*~*~ (stealth).
  3292 | D:3      | 3292 ||| Stepping ~*~*~tactically~*~*~ (stealth).
  3418 | D:3      | 3418 ||| Stepping ~*~*~tactically~*~*~ (stealth).
  3437 | D:3      | 3437 ||| DROPPING +1 mace of protection.
  3485 | D:3      | Reached XP level 6. HP: 35/38 MP: 6/6
  3507 | D:3      | 3507 ||| UPGRADING to +0 chain mail.
  3517 | D:3      | 3517 ||| DROPPING +0 scale mail.
  3568 | D:4      | 3568 ||| PLANNING SEWER
  3576 | D:4      | Reached skill level 1 in Throwing
  3712 | D:4      | Found a glowing drain.
  3713 | D:4      | 3713 ||| UPGRADING to +0 pair of gloves.
  3740 | Sewer    | Entered a sewer
  3924 | Sewer    | Reached skill level 6 in Axes
  3945 | Sewer    | Reached skill level 1 in Dodging
  3945 | Sewer    | Reached XP level 7. HP: 38/43 MP: 7/7
  4030 | Sewer    | 4030 ||| Stepping ~*~*~tactically~*~*~ (water).
  4135 | Sewer    | 4135 ||| Stepping ~*~*~tactically~*~*~ (water).
  4257 | Sewer    | Reached skill level 7 in Axes
  4434 | Sewer    | 4434 ||| Stepping ~*~*~tactically~*~*~ (water).
  4517 | Sewer    | 4517 ||| READING scroll labelled NOC GIQUDEEXO.
  4518 | Sewer    | 4518 ||| READING 2 scrolls labelled TUONI KIDARISK.
  4519 | Sewer    | 4519 ||| READING 2 scrolls of identify.
  4519 | Sewer    | 4519 ||| IDENTIFYING ruby potion
  4520 | Sewer    | 4520 ||| DROPPING scroll of blinking.
  4546 | D:4      | 4546 ||| PLANNING D:1-11
  4589 | D:4      | Slain by an ogre

Levels and vault maps discovered:
D:1:      heliophobic_arrival_henge, layout_basic,
          chequers_serial_rivers_large_a, minmay_pentomino_z2
D:2:      layout_loops_corners, shapermc_ecumenical_altar_venn, serial_shops,
          shop, uniq_robin, uniq_natasha, uniq_crazy_yiuf_cottage
D:3:      minmay_razor_zed, layout_loops_ring, serial_shops, shop_statue,
          kennysheep_small_spiral, kennysheep_jessica_study
D:4:      layout_rooms, portal_sewer_entry_a, kennysheep_nub,
          minmay_tree_intersection

Skill      XL: |  1  2  3  4  5  6  7 |
---------------+----------------------+-----
Axes           | 2 3 4 5 6 7 |  7.0
Fighting       | 4 |  4.7
Throwing       | 1 |  1.1
Dodging        | 1 |  1.6
Armour         | |  3.2
Shields        | |  3.2

Action                     |  1- 3 |  4- 6 |  7- 9 || total
---------------------------+-------+-------+-------++-------
  Melee: War axe           |   100 |   212 |    95 ||   407
  Throw: Javelin           |       |    12 |     2 ||    14
    Use: Scroll            |     3 |     2 |     3 ||     8
         Potion            |       |     1 |       ||     1
 Armour: Scale mail        |    44 |    48 |       ||    92
         Chain mail        |       |    62 |    31 ||    93
  Dodge: Dodged            |    32 |    71 |    35 ||   138
  Block: Buckler           |    17 |    36 |    14 ||    67

Table legend:
 A = Non-vault XP
 B = Vault XP
 C = Vault XP percentage of total XP
 D = Non-vault monster count
 E = Vault monster count
 F = Vault count percentage of total count
                 A         B        C        D         E       F
            +---------+---------+-------+---------+---------+-------
      Total |     221 |     918 |  80.6 |      68 |      62 |  47.7
            +---------+---------+-------+---------+---------+-------
        D:1 |      38 |       4 |   9.5 |      21 |       2 |   8.7
        D:2 |      93 |      73 |  44.0 |      15 |      12 |  44.4
        D:3 |      37 |      80 |  68.4 |      19 |      17 |  47.2
        D:4 |      53 |      17 |  24.3 |      13 |       3 |  18.8
      Sewer |       0 |     744 | 100.0 |       0 |      28 | 100.0
            +---------+---------+-------+---------+---------+-------
